 Dungeon Crawl Stone Soup version 0.29-a0-284-gf9362112df (webtiles) character file.

Game seed: 1744697212263951527

28 spaghetti the Ducker (level 3, -12/26 HPs)
             Began as an Octopode Berserker on Mar 20, 2022.
             Was a Follower of Trog.
             Killed by an exploding orc (38 damage)
             ... ignited by their inner flame
             ... on level 3 of the Dungeon.
             The game lasted 00:01:42 (1721 turns).

spaghetti the Ducker (Octopode Berserker)           Turns: 1721, Time: 00:01:43

Health: -12/26     AC:  2    Str: 16    XL:     3   Next: 12%
Magic:  3/3        EV: 14    Int:  9    God:    Trog [*.....]
Gold:   58         SH:  0    Dex: 13    Spells: 2/2 levels left

rFire   . . .      SeeInvis .   a - +0 falchion (spect) {long}
rCold   . . .      Faith    .   (no shield)
rNeg    . . .      Spirit   .   c - +1 hat
rPois   .          Reflect  .   (no amulet)
rElec   .          Harm     .   (no ring)
rCorr   .          Rampage  .   (no ring)
Will    .....                   (no ring)
Stlth   ++........              (no ring)
HPRegen 0.08/turn               (no ring)
MPRegen 0.08/turn               (no ring)
                                (no ring)
                                (no ring)

@: no status effects
A: almost no armour, amphibious, 8 rings, camouflage 1, gelatinous body 1,
(nimble swimmer 1), tentacles
a: Renounce Religion, Berserk


You were on level 3 of the Dungeon.
You worshipped Trog.
Trog was aware of your devotion.
You visited 1 branch of the dungeon, and saw 3 of its levels.

You collected 58 gold pieces.


Innate Abilities, Weirdness & Mutations

You cannot wear most types of armour.
You are amphibious.
You can wear up to eight rings at the same time.
Your skin changes colour to match your surroundings (Stealth+).
Your rubbery body absorbs attacks. (AC +1, EV +1)
((You are camouflaged when in or above water. (Stealth+)))
You have tentacles for arms and can constrict up to eight enemies at once.


   Skills:
 - Level 3.0 Fighting
 - Level 3.0 Long Blades
 + Level 4.2 Dodging


You had 2 spell levels left.
You didn't know any spells.
Your spell library contained the following spells:

 Spells                   Type           Power      Damage    Failure   Level
 Foxfire                  Conj/Fire      0%         2x1d4     38%         1
 Conjure Flame            Conj/Fire      0%         6-21      77%         3
 Inner Flame              Hex/Fire       0%         N/A       77%         3
 Flame Wave               Conj/Fire      0%         2d4       99%         4

Inventory:

Hand Weapons
 a - a +0 spectral falchion (weapon) {long}
Missiles
 b - 3 poisoned darts {throwing}
 d - 75 stones (quivered) {throwing}
 i - 6 boomerangs {throwing}
Armour
 c - a +1 hat (worn)
   (You found it on level 1 of the Dungeon)
Scrolls
 g - 3 scrolls of identify {@r1}
 l - a scroll of teleportation {@r4}
Potions
 e - a potion of brilliance
 f - a potion of attraction {unknown}
 h - a potion of curing {unknown}
 j - a potion of mutation {unknown}

Dungeon Overview and Level Annotations

Branches:
Dungeon (3/15)

Altars:
Ashenzari

## ## (. #. #.. #.###
#.# .####...# #.#
......#.####)######
#.......(@....##
##.............##
######...............#
.....................#
######...............#
#....>..........#
#...............#
##...............#
#...............##


You could see a friendly +0 spectral falchion {long} (summoned, wandering).


Message History

You throw a stone {throwing}.
The stone {throwing} hits the rat but does no damage.
You barely miss the rat. Your grab misses the rat.
Your +0 spectral falchion {long} barely misses the rat.
The rat barely misses you. The rat closely misses you.
You hit the rat.
You kill the rat!
Trog accepts your kill. The rat barely misses you.
You hit the rat. You grab the rat.
Your +0 spectral falchion {long} hits the rat!
You kill the rat!
Trog accepts your kill.
No target in view!
No target in view!
No target in view!
No target in view!
No target in view!
No target in view!
No target in view!
No target in view!
No target in view!
No target in view!
No target in view!
No target in view!
No target in view!
No target in view!
No target in view!
No target in view!
No target in view!
No target in view!
You swap places.
d - 64 stones {throwing} (gained 1)
d - 66 stones {throwing} (gained 2)
i - 6 boomerangs {throwing} (gained 4)
d - 67 stones {throwing} (gained 1)
An endoplasm comes into view.
An endoplasm is nearby!
An endoplasm is nearby!
An endoplasm is nearby!
You throw a stone {throwing}.
The stone {throwing} hits the endoplasm.
The endoplasm quivers.
You throw a stone {throwing}.
The stone {throwing} hits the endoplasm but does no damage.
You throw a stone {throwing}.
The stone {throwing} hits the endoplasm but does no damage.
You throw a stone {throwing}.
The stone {throwing} hits the endoplasm but does no damage.
You throw a stone {throwing}.
The stone {throwing} hits the endoplasm but does no damage.
You throw a stone {throwing}.
The stone {throwing} hits the endoplasm but does no damage.
You hit the endoplasm. You squeeze the endoplasm.
You kill the endoplasm!
Trog accepts your kill.
No target in view!
No target in view!
No target in view!
No target in view!
No target in view!
No target in view!
No target in view!
No target in view!
No target in view!
No target in view!
No target in view!
No target in view!
No target in view!
No target in view!
No target in view!
No target in view!
No target in view!
No target in view!
d - 62 stones {throwing} (gained 1)
d - 63 stones {throwing} (gained 1)
d - 64 stones {throwing} (gained 1)
d - 65 stones {throwing} (gained 1)
g - 3 scrolls of identify {@r1} (gained 1)
k - a scroll labelled USION OJADD
d - 78 stones {throwing} (gained 13)
An orc comes into view. It is wielding a +0 short sword.
An orc is nearby!
As you read the scroll labelled USION OJADD, it crumbles to dust.
The creatures around you are filled with an inner flame!
It was a scroll of immolation.
You throw a stone {throwing}.
The stone {throwing} hits the orc but does no damage.
The orc shouts!
You throw a stone {throwing}.
The stone {throwing} closely misses the orc.
You throw a stone {throwing}.
The stone {throwing} hits the orc but does no damage.
You completely miss the orc. Your grab misses the orc.
Your +0 spectral falchion {long} hits the orc!
Trog accepts your kill.
The orc explodes!
The fiery explosion engulfs you!!!
Ouch! That really hurt!
You die...

Skill      XL: |  1  2 |
---------------+-------+-----
Dodging        | 4 |  4.2
Fighting       | |  3.0
Long Blades    | |  3.0

Action                   || total
-------------------------++-------
Melee: Falchion          ||    37
       Constrict         ||    10
       Tentacles         ||     6
Throw: Stone             ||    46
       Dart              ||     5
  Use: Scroll            ||     6
 Stab: Sleeping          ||     1
Armor: Skin              ||     9
Dodge: Dodged            ||    30

Levels and vault maps discovered:
D:1:      arrival_zaba_pyramid, layout_basic
D:2:      layout_loops_ring, basic_altar, chequers_ecumenical_altar_simple
D:3:      layout_rooms, uniq_crazy_yiuf_cottage

Notes
Turn   | Place    | Note
-------+----------+-------------------------------------------
     0 | D:1      | spaghetti the Octopode Berserker began the quest for the
                  | Orb.
     0 | D:1      | Reached XP level 1. HP: 16/16 MP: 1/1
     0 | D:1      | magus.rc [v1.9.6]
   200 | D:1      | You pick up a book of Flames {forbidden} and begin
                  | reading...
   200 | D:1      | You add the spells Foxfire, Conjure Flame, Inner Flame and
                  | Flame Wave to your library.
   447 | D:1      | Reached XP level 2. HP: 19/21 MP: 2/2
   983 | D:2      | Found a broken altar of Ashenzari.
  1094 | D:2      | Reached skill level 4 in Dodging
  1113 | D:2      | Found a faded altar of an unknown god.
  1355 | D:2      | Reached XP level 3. HP: 22/26 MP: 3/3
  1721 | D:3      | Killed by an exploding orc... ignited by their inner flame

Vanquished Creatures
  A dart slug (D:2)
  An orc (D:3)
  An endoplasm (D:3)
  2 giant cockroaches (D:1)
  A hobgoblin (D:1)
  5 kobolds
  2 quokkas (D:1)
  3 bats (D:1)
  4 goblins
  6 rats
26 creatures vanquished.

Table legend:
 A = Non-vault XP
 B = Vault XP
 C = Vault XP percentage of total XP
 D = Non-vault monster count
 E = Vault monster count
 F = Vault count percentage of total count
                 A         B        C        D         E       F
            +---------+---------+-------+---------+---------+-------
      Total |      43 |       0 |   0.0 |      26 |       0 |   0.0
            +---------+---------+-------+---------+---------+-------
        D:1 |      22 |       0 |   0.0 |      14 |       0 |   0.0
        D:2 |      13 |       0 |   0.0 |       7 |       0 |   0.0
        D:3 |       8 |       0 |   0.0 |       5 |       0 |   0.0
            +---------+---------+-------+---------+---------+-------

Illustrated notes

Table legend:
 A = Kills in this place as a percentage of kills in entire the game.
 B = Kills by you in this place as a percentage of kills by you in the entire game.
 C = Kills by friends in this place as a percentage of kills by friends in the entire game.
 D = Other kills in this place as a percentage of other kills in the entire game.
 E = Experience gained in this place as a percentage of experience gained in the entire game.
 F = Experience gained in this place divided by the number of levels of this place that you have seen.
                   A       B       C       D       E      F
               +-------+-------+-------+-------+-------+----------------------
         Total | 100.0 | 100.0 |   N/A |   N/A | 100.0 |  14.3
       Dungeon | 100.0 | 100.0 |   N/A |   N/A | 100.0 |  14.3
               +-------+-------+-------+-------+-------+----------------------

Table legend: (Time is in decaauts)
 A = Elapsed time spent in this place.
 B = Non-inter-level travel time spent in this place.
 C = Inter-level travel time spent in this place.
 D = Time resting spent in this place.
 E = Time spent auto-exploring this place.
 F = Levels seen in this place.
 G = Mean time per level.
                   A        B        C        D        E       F      G
               +--------+--------+--------+--------+--------+-----+--------+
         Total |   1731 |   1608 |    123 |     26 |   1378 |   3 |  577.0 |
       Dungeon |   1731 |   1608 |    123 |     26 |   1378 |   3 |  577.0 |
               +--------+--------+--------+--------+--------+-----+--------+

Top non-repeatable levels by time:
     D:1: 956 daAuts
     D:2: 711 daAuts
     D:3: 62 daAuts
